 Dungeon Crawl Stone Soup version 0.28.0-43-g3370ac3207 (webtiles) character file.

Game seed: 11176174266601056447

1635 styxcanada the Covert (level 8, -2/40 (44) HPs)
             Began as a Spriggan Brigand on Mar 25, 2022.
             Was an Initiate of Gozag.
             Slain by a wight
             ... wielding a +5 spear
              (8 damage)
             ... on level 6 of the Dungeon.
             The game lasted 00:28:10 (7516 turns).

styxcanada the Covert (Spriggan Brigand)            Turns: 7516, Time: 00:28:10

HP:   -2/40 (44)    AC: 11    Str:  7    XL:     8   Next: 66%
MP:   16/16         EV: 25    Int: 13    God:    Gozag
Gold: 369           SH:  0    Dex: 24    Spells: 9/17 levels left

rFire   . . .      SeeInvis +   g - +2 short sword (protect)
rCold   . . .      Faith    .   (no shield)
rNeg    . . .      Spirit   .   b - +0 robe
rPois   +          Reflect  .   (helmet restricted)
rElec   .          Harm     .   c - +1 cloak
rCorr   .          Rampage  .   (gloves unavailable)
Will    +....                   (boots unavailable)
Stlth   ++++++....              (no amulet)
HPRegen 0.13/turn               l - +6 ring of dexterity
MPRegen 0.15/turn               q - ring of poison resistance

@: mighty, gold aura, under a protective aura, mesmerised, drained, invisible,
very quick
A: very small, no large weapons, unfitting armour, see invisible, speed 3
a: Renounce Religion, Potion Petition, Call Merchant, Bribe Branch


You were on level 6 of the Dungeon.
You worshipped Gozag.
Gozag was aware of your devotion.
You visited 1 branch of the dungeon, and saw 6 of its levels.

You collected 422 gold pieces.
You paid 53 gold pieces to Gozag.

Inventory:

Hand Weapons
 a - a +3 dagger
 g - a +2 short sword of protection (weapon)
 h - a +0 scimitar of holy wrath
 j - the +1 flail of the Everdark {vorpal, Str+5 Int+5}
   (You found it on level 4 of the Dungeon)

   It inflicts extra damage upon your enemies.
   Str:       It affects your strength (+5).
   Int:       It affects your intelligence (+5).
 s - a +5 scimitar
Missiles
 d - 5 poisoned darts (quivered)
 e - a curare-tipped dart
 f - 139 stones
 n - 78 sling bullets
Armour
 b - a +0 robe (worn)
 c - a +1 cloak (worn)
Jewellery
 l - a +6 ring of dexterity (left hand)
 m - a ring of willpower
 o - a ring of fire
 p - an amulet of faith
 q - a ring of poison resistance (right hand)
Scrolls
 k - 2 scrolls of identify
 t - a scroll of teleportation
Potions
 r - a potion of brilliance


   Skills:
 + Level 5.5 Fighting
 + Level 3.4 Short Blades
 + Level 4.6(6.1) Slings
 + Level 5.0(5.7) Throwing
 * Level 8.3 Dodging
 * Level 12.4 Stealth
 - Level 2.7 Shields
 * Level 5.2 Spellcasting
 * Level 1.1 Conjurations
 * Level 1.0 Hexes
 * Level 1.1 Ice Magic
 * Level 0.9 Earth Magic
 + Level 7.5 Evocations


You had 9 spell levels left.
You knew the following spells:

 Your Spells              Type           Power      Damage    Failure   Level
a - Stone Arrow           Conj/Erth      12%        3d7       34%         3
b - Metabolic Englaciati  Hex/Ice        3%         N/A       97%         5

Your spell library contained the following spells:

 Spells                   Type           Power      Damage    Failure   Level
 Magic Dart               Conj           24%        1d4       12%         1
 Ozocubu's Armour         Ice            6%         N/A       34%         3
 Animate Armour           Summ/Erth      8%         N/A       83%         4
 Simulacrum               Ice/Necr       2%         N/A       100%        6
 Malign Gateway           Summ/Tloc      1%         N/A       100%        7
 Borgnjor's Revivificati  Necr           1%         N/A       100%        8
 Lehudib's Crystal Spear  Conj/Erth      3%         10d2      100%        8
 Necromutation            Tmut/Necr      1%         N/A       100%        8
 Summon Horrible Things   Summ           1%         N/A       100%        8
 Death's Door             Necr           1%         N/A       100%        9


Dungeon Overview and Level Annotations

Branches:
Dungeon (6/15)             Temple (0/1) D:6

Altars:
Cheibriados
Dithmenos
Gozag
Kikubaaqudgha
Nemelex Xobeh
Sif Muna
Uskayaw
Vehumet

Annotations:
D:6 Maggie


Innate Abilities, Weirdness & Mutations

You are very small and have problems with some larger weapons.
You are too small for most types of armour.
You have supernaturally acute eyesight. (SInv)
You cover ground extremely quickly. (Speed+++)


Message History

The necrophage closely misses you. The wight closely misses you.
You puncture the necrophage!
The necrophage is almost destroyed.
Maggie points at you and mumbles some strange words.
The bolt of fire hits you! The necrophage completely misses you.
The wight hits you but does no damage.
You closely miss the necrophage.
The necrophage is almost destroyed.
Maggie hits you with a +1 long sword of flaming.
Maggie burns you. The necrophage completely misses you.
The wight hits you from afar with a +5 spear.
You feel drained.
You barely miss the necrophage.
The necrophage is almost destroyed.
Maggie misses you. The necrophage closely misses you. The wight misses you.
You puncture the necrophage!
You destroy the necrophage!
Maggie closely misses you. The wight misses you.
Your Hexes skill increases to level 1!
You hit Maggie.
Maggie is lightly wounded.
Maggie misses you. The wight closely misses you.
The wight completely misses you.
You puncture Maggie!
Maggie is moderately wounded.
Maggie completely misses you. The wight misses you.
You barely miss Maggie.
Maggie is moderately wounded.
The wight hits you from afar with a +5 spear!
* * * LOW HITPOINT WARNING * * *
You feel drained.
* * * LOW HITPOINT WARNING * * *
Maggie completely misses you.
The wight hits you with a +1 great sword.
* * * LOW HITPOINT WARNING * * *
You feel drained.
You fade into invisibility!
The wight hits you from afar with a +5 spear!
You die...
Your body crumbles into a pile of gold.

# #.. .. #.#..# .. ......
.# #..... .. ...... .###
#.##.# ... #.##.#
###########z#####.####.#...
.......(..@@z..............
##.....####.###.....#.....
#.....'..# # .. #.....
#.....##.# ...#.....
#####.# # ........#
##.##.##########.....#
..#####.....#.....# #.....#
.........####.....# #......
..#####.#####.....#
##.....#


You could see Maggie (mesmerising) and 2 wights.

Vanquished Creatures
  4 necrophages
  A centaur (D:6)
  A scorpion (D:6)
  A water moccasin skeleton (D:5)
  6 wights (D:6)
  A centaur zombie (D:5)
  3 bullfrog zombies
  A jelly (D:6)
  2 hounds
  A bullfrog skeleton (D:5)
  Terence (D:2)
  3 iguanas
  3 orc wizards
  A howler monkey zombie (D:5)
  6 adders
  A gnoll (D:1)
  An ufetubus (D:5)
  A worm (D:2)
  4 dart slugs
  10 orcs
  4 endoplasms
  9 goblins
  6 hobgoblins
  5 quokkas
  7 ball pythons
  4 bats
  3 frilled lizards (D:1)
  5 kobolds
  6 rats
101 creatures vanquished.

Notes
Turn   | Place    | Note
-------+----------+-------------------------------------------
     0 | D:1      | styxcanada the Spriggan Brigand began the quest for the
                  | Orb.
     0 | D:1      | Reached XP level 1. HP: 10/10 MP: 2/2
    29 | D:1      | Reached skill level 6 in Stealth
   537 | D:1      | Reached XP level 2. HP: 14/14 MP: 3/3
  1450 | D:1      | Reached XP level 3. HP: 14/18 MP: 4/4
  2140 | D:2      | Reached skill level 7 in Stealth
  2158 | D:2      | Found a faded altar of an unknown god.
  2378 | D:2      | Noticed Terence
  2423 | D:2      | Killed Terence
  2424 | D:2      | Reached XP level 4. HP: 23/23 MP: 5/5
  3555 | D:3      | Reached skill level 10 in Stealth
  3555 | D:3      | Reached skill level 1 in Shields
  3555 | D:3      | Reached skill level 5 in Evocations
  3555 | D:3      | Reached XP level 5. HP: 29/29 MP: 5/13
  3693 | D:3      | Reached skill level 5 in Fighting
  3693 | D:3      | Reached skill level 11 in Stealth
  3693 | D:3      | Reached XP level 6. HP: 35/35 MP: 14/14
  4194 | D:4      | Reached skill level 12 in Stealth
  4214 | D:4      | Reached skill level 5 in Throwing
  4319 | D:4      | Found a snail-covered altar of Cheibriados.
  4443 | D:4      | Reached XP level 7. HP: 36/36 MP: 15/15
  4925 | D:4      | Identified the +1 flail of the Everdark {vorpal, Str+5
                  | Int+5}
  5205 | D:5      | Entered Level 5 of the Dungeon
  5327 | D:5      | Found a shadowy altar of Dithmenos.
  5353 | D:5      | Found a sparkling altar of Nemelex Xobeh.
  5513 | D:5      | Learned a level 3 spell: Stone Arrow
  5519 | D:5      | Learned a level 5 spell: Metabolic Englaciation
  5606 | D:5      | Reached skill level 5 in Spellcasting
  5890 | D:5      | Found an opulent altar of Gozag.
  5903 | D:5      | Became a worshipper of Gozag Ym Sagoz the Greedy
  6051 | D:5      | Noticed a +0 dagger
  6052 | D:5      | Found a hide-covered altar of Uskayaw.
  6052 | D:5      | Noticed a +0 hand axe
  6353 | D:6      | Reached XP level 8. HP: 15/44 MP: 16/16
  6677 | D:6      | Found an ancient bone altar of Kikubaaqudgha.
  6678 | D:6      | Found a radiant altar of Vehumet.
  6679 | D:6      | Found a shimmering blue altar of Sif Muna.
  6694 | D:6      | Got Vehumet's Incunabulum of Attacks
  6809 | D:6      | Reached skill level 1 in Conjurations
  6927 | D:6      | Reached skill level 1 in Ice Magic
  7391 | D:6      | Found a staircase to the Ecumenical Temple.
  7494 | D:6      | Noticed Maggie
  7513 | D:6      | Reached skill level 1 in Hexes
  7516 | D:6      | Slain by a wight

Illustrated notes

Levels and vault maps discovered:
D:1:      psy_arrival_whirlpool, layout_basic, hangedman_decor_opposing
D:2:      layout_loops_ring, hellmonk_ecumenical_altar_zigzags, uniq_terence
D:3:      layout_basic, minmay_misc_feat_pillars, nrook_mini_vaults,
          hex_intersection
D:4:      layout_rooms, kennysheep_slug_shrine
D:5:      minmay_spotlight, layout_basic, grunt_gozag_statues,
          mainiacjoe_overflow_cross_hatched, dancing_weapons_uskayaw,
          mainiacjoe_overflow_tiny_flanked
D:6:      layout_basic, grunt_temple_overflow_magic_moments,
          minmay_temple_entry_glassed_door, uniq_maggie

Skill      XL: |  1  2  3  4  5  6  7  8 |
---------------+-------------------------+-----
Stealth        | 6 7 10 11 12 | 12.4
Dodging        | 2 6 7 8 |  8.3
Fighting       | 2 4 5 |  5.5
Slings         | 3 4 |  4.6
Throwing       | 4 5 |  5.0
Shields        | 1 2 |  2.7
Spellcasting   | 4 5 |  5.2
Evocations     | 5 7 |  7.5
Short Blades   | 3 |  3.4
Conjurations   | 1 |  1.1
Ice Magic      | 1 |  1.1
Hexes          | 1 |  1.0
Earth Magic    | |  0.9

Action                   |  1- 3 |  4- 6 |  7- 9 || total
-------------------------+-------+-------+-------++-------
Melee: Dagger            |    69 |    86 |    22 ||   177
       Short sword       |       |       |   204 ||   204
       Punch             |       |       |     4 ||     4
Throw: Dart              |    24 |    14 |    21 ||    59
       Stone             |       |       |     3 ||     3
  Use: Scroll            |       |    11 |     3 ||    14
       Potion            |       |     2 |     3 ||     5
 Stab: Sleeping          |     9 |    12 |    13 ||    34
       Distracted        |       |     1 |     3 ||     4
Armor: Robe              |     8 |     3 |    22 ||    33
Dodge: Dodged            |    34 |    77 |   205 ||   316
